 Dungeon Crawl Stone Soup version 0.27-a0-1334-g2746e35aca (webtiles) character file.

Game seed: 10280304134758848238

272 lunkers the Stinger (level 6, -10/41 HPs)
             Began as a Merfolk Venom Mage on June 27, 2021.
             Killed by divine providence
             ... invoked by an orc priest
              (14 damage)
             ... on level 4 of the Dungeon.
             The game lasted 00:04:28 (4352 turns).

lunkers the Stinger (Merfolk Venom Mage)            Turns: 4352, Time: 00:04:28

Health: -10/41     AC:  3    Str:  9    XL:     6   Next: 23%
Magic:  2/11       EV: 12    Int: 16    God:
Gold:   104        SH:  4    Dex: 14    Spells: 2/12 levels left

rFire    . . .     SeeInvis .   n - +1 dagger (venom)
rCold    . . .     Faith    .   j - +0 buckler
rNeg     . . .     Spirit   .   f - +0 robe {Will+}
rPois    .         Reflect  .   (no helmet)
rElec    .         Harm     .   (no cloak)
rCorr    .         Rampage  .   h - +0 pair of gloves
Will     +....                  (no boots)
Stlth    ++........             (no amulet)
HPRegen  0.13/turn              (no ring)
MPRegen  0.12/turn              (no ring)

@: no status effects
A: (nimble swimmer 2), mertail
a: no special abilities


You were on level 4 of the Dungeon.
You visited 1 branch of the dungeon, and saw 4 of its levels.

You collected 104 gold pieces.

Inventory:

Hand Weapons
 n - a +1 dagger of venom (weapon)
Armour
 f - a +0 robe of willpower (worn)
 h - a +0 pair of gloves (worn)
 j - a +0 buckler (worn)
Scrolls
 a - a scroll of identify {unknown}
 c - 3 scrolls of holy word {unknown}
 g - a scroll of enchant armour {unknown}
 i - a scroll of blinking {unknown}
 k - a scroll of magic mapping {unknown}
 l - a scroll of noise {unknown}
 m - a scroll of enchant weapon {unknown}
 o - a scroll of summoning {unknown}
Potions
 b - a potion of degeneration {unknown}
 d - a potion of flight {unknown}
 e - a potion of resistance {unknown}


   Skills:
 - Level 2.6 Dodging
 - Level 2.1 Stealth
 + Level 1.2 Shields
 + Level 3.5 Spellcasting
 - Level 1.3 Transmutations
 * Level 6.2 Poison Magic


You had 2 spell levels left.
You knew the following spells:

 Your Spells              Type           Power      Damage    Failure   Level
a - Sting                 Tmut/Pois      60%        1d6       5%          1
b - Poisonous Vapours     Pois/Air       24%        N/A       11%         2
c - Olgreb's Toxic Radia  Pois           22%        N/A       19%         4
d - Mephitic Cloud        Conj/Pois/Air  9%         N/A       32%         3

Your spell library contained the following spells:

 Spells                   Type           Power      Damage    Failure   Level
 Ignite Poison            Fire/Tmut/Pois 10%        N/A       26%         3


Dungeon Overview and Level Annotations

Branches:
Dungeon (4/15)
 Temple: D:4-7

Altars:

Shops:
D:2 [==??


Innate Abilities, Weirdness & Mutations

((You are quick and stealthy near water. (Stealth+, EV+, Speed+++)))
Your lower body shifts to a powerful aquatic tail in water.


Message History

Press: ? - help, Shift-Dir - straight line, f/p - orc priest
Aim: an orc priest, wielding a +0 falchion (severely wounded, extremely poisoned, 71% to hit)
The sting hits the orc priest.
The orc priest looks as sick as possible!
The orc priest is severely wounded.
The orc priest hits you with a +0 falchion.
* * * LOW HITPOINT WARNING * * *
The orc closely misses you.
Casting: Sting (safe; 5% risk of failure)
Confirm with . or Enter, or press ? or * to list all spells.
Aiming: Sting (safe; 5% risk of failure)
Press: ? - help, Shift-Dir - straight line, f/p - orc priest
Aim: an orc priest, wielding a +0 falchion (severely wounded, extremely poisoned, 71% to hit)
The sting hits the orc priest.
The orc priest looks as sick as possible!
The orc priest is almost dead.
You kill the orc priest!
The orc priest calls down the wrath of Beogh upon you.
Beogh smites you!
* * * LOW HITPOINT WARNING * * *
A kobold comes into view. It is wielding a +0 dagger.
The orc barely misses you.
Unknown command.
Casting: Sting (safe; 5% risk of failure)
Confirm with . or Enter, or press ? or * to list all spells.
Aiming: Sting (safe; 5% risk of failure)
Press: ? - help, Shift-Dir - straight line, f - orc priest
Aim: an orc priest, wielding a +0 war axe and wearing a +0 leather armour (severely wounded, very poisoned, 74% to hit)
Okay, then.
Casting: Sting (safe; 5% risk of failure)
Confirm with . or Enter, or press ? or * to list all spells.
Aiming: Poisonous Vapours (safe; 11% risk of failure)
Press: ? - help, Dir - move target, f - orc priest
Aim: an orc priest, wielding a +0 war axe and wearing a +0 leather armour (severely wounded, very poisoned) Poisonous vapours surround the orc priest!
The orc priest looks even sicker.
* * * LOW MAGIC WARNING * * *
The orc priest mumbles some strange prayers to Beogh against you.
Beogh smites you!
You die...

#.K.......#
+.........+
#.........#
#.........#
###.........
..........#
.....).o).#
......o.@.#
...######.#
#.# #.# #
#.# .# #.#
#####.## #.#
#.......
#.###....#
#...'....+


You could see an orc priest (very poisoned), an orc (poisoned) and a kobold.

Vanquished Creatures
  An orc priest (D:4)
  A bullfrog skeleton (D:3)
  Natasha (twice) (D:3)
  2 orc wizards (D:3)
  3 gnolls (D:2)
  A worm (D:2)
  A dart slug (D:1)
  5 orcs
  3 endoplasms
  4 giant cockroaches
  2 goblins (D:2)
  12 hobgoblins
  3 jackals
  6 quokkas
  4 ball pythons
  9 bats
  3 frilled lizards
  10 kobolds
  5 rats
77 creatures vanquished.

Notes
Turn   | Place    | Note
-------+----------+-------------------------------------------
     0 | D:1      | lunkers the Merfolk Venom Mage began the quest for the Orb.
     0 | D:1      | Reached XP level 1. HP: 13/13 MP: 3/3
   173 | D:1      | Reached XP level 2. HP: 13/19 MP: 0/5
   743 | D:1      | Reached skill level 4 in Poison Magic
   913 | D:1      | Reached XP level 3. HP: 24/24 MP: 0/6
   916 | D:1      | Learned a level 2 spell: Poisonous Vapours
  1384 | D:2      | Found Heuzigid's Magic Scroll Shop.
  1661 | D:2      | Found Oniploeso's Jewellery Emporium.
  1914 | D:2      | Found Yzedgh's Jewellery Shop.
  1942 | D:2      | Reached XP level 4. HP: 23/30 MP: 4/8
  2137 | D:2      | Reached skill level 5 in Poison Magic
  2238 | D:2      | Found Ylorph's Antique Armour Shop.
  2394 | D:2      | Found Ninaipp's Magic Scroll Shop.
  2771 | D:3      | Reached XP level 5. HP: 8/35 MP: 0/9
  3544 | D:3      | Noticed Natasha
  3777 | D:3      | Killed Natasha
  4005 | D:3      | Noticed Natasha
  4012 | D:3      | Killed Natasha
  4013 | D:3      | Reached skill level 1 in Shields
  4013 | D:3      | Reached skill level 6 in Poison Magic
  4013 | D:3      | Reached XP level 6. HP: 36/41 MP: 7/11
  4018 | D:3      | Learned a level 4 spell: Olgreb's Toxic Radiance
  4239 | D:3      | Learned a level 3 spell: Mephitic Cloud
  4352 | D:4      | Killed from afar by an orc priest

Illustrated notes

Levels and vault maps discovered:
D:1:      minmay_arrival_checkered_box, layout_rooms
D:2:      minmay_angry_zag, layout_loops_ring, serial_shops,
          nicolae_shop_crystal, nicolae_shop_behind_doors, shop,
          nicolae_shop_crystal, nicolae_square_shop
D:3:      layout_rooms, skrybe_limestone_x, uniq_natasha
D:4:      layout_basic, serial_shops, shop_fountains

Skill      XL: |  1  2  3  4  5 |
---------------+----------------+-----
Poison Magic   | 4 5 6 |  6.2
Spellcasting   | 3 |  3.5
Shields        | 1 |  1.2
Dodging        | |  2.6
Stealth        | |  2.1
Transmutations | |  1.3

Action                   |  1- 3 |  4- 6 || total
-------------------------+-------+-------++-------
Melee: Unarmed           |    18 |     5 ||    23
       Dagger            |       |    22 ||    22
 Cast: Sting             |    88 |    68 ||   156
       Poisonous Vapours |       |    13 ||    13
       Olgreb's Toxic Ra |       |     1 ||     1
Armor: Robe              |    10 |    11 ||    21
Dodge: Dodged            |    25 |    49 ||    74
Block: Buckler           |       |    11 ||    11

Table legend: (Time is in decaauts)
 A = Elapsed time spent in this place.
 B = Non-inter-level travel time spent in this place.
 C = Inter-level travel time spent in this place.
 D = Time resting spent in this place.
 E = Time spent auto-exploring this place.
 F = Levels seen in this place.
 G = Mean time per level.
                   A        B        C        D        E       F      G
               +--------+--------+--------+--------+--------+-----+--------+
         Total |   4357 |   4104 |    253 |    751 |   2745 |   4 | 1089.2 |
       Dungeon |   4357 |   4104 |    253 |    751 |   2745 |   4 | 1089.2 |
               +--------+--------+--------+--------+--------+-----+--------+

Top non-repeatable levels by time:
     D:2: 2210 daAuts
     D:1: 1162 daAuts
     D:3: 940 daAuts
     D:4: 44 daAuts
